 Dungeon Crawl Stone Soup version 0.30-a0-23-ge60ba3568b (webtiles) character file.

Game seed: 8075940293521875933

1179 SensoryNuts the Cleaver (level 8, -1/70 HPs)
             Began as a Minotaur Fighter on Aug 25, 2022.
             Slain by a six-headed hydra (11 damage)
             ... on level 7 of the Dungeon.
             The game lasted 00:05:44 (5477 turns).

SensoryNuts the Cleaver (Minotaur Fighter)          Turns: 5477, Time: 00:05:45

Health: -1/70      AC:  7    Str: 21    XL:     8   Next: 18%
Magic:  7/7        EV: 13    Int:  5    God:
Gold:   244        SH:  9    Dex: 12    Spells: 7/7 levels left

rFire   . . .      SeeInvis .    a - +3 war axe (venom)
rCold   . . .      Faith    .    s - +0 kite shield
rNeg    . . .      Spirit   .    b - +0 scale mail
rPois   .          Reflect  .    (helmet restricted)
rElec   .          Harm     .    (no cloak)
rCorr   .          Rampage  .    (no gloves)
Will    .....                    (no boots)
Stlth   ..........               (no amulet)
HPRegen 0.21/turn                h - +4 ring of evasion
MPRegen 0.10/turn                (no ring)

@: no status effects
A: horns 2, retaliatory headbutt
a: no special abilities


You were on level 7 of the Dungeon.
You visited 1 branch of the dungeon, and saw 7 of its levels.

You collected 244 gold pieces.

Inventory:

Hand Weapons
 a - a +3 war axe of venom (weapon)
Armour
 b - a +0 scale mail (worn)
 s - a +0 kite shield (worn)
Jewellery
 c - a ring of ice
 h - a +4 ring of evasion (left hand)
 j - a ring of magical power
 o - a ring of flight
 p - a ring of fire
Wands
 u - a wand of paralysis (11)
Scrolls
 e - 5 scrolls of teleportation
 f - 3 scrolls of poison
 k - a scroll of enchant armour
 l - a scroll of silence
 q - a scroll of fear
Potions
 d - a potion of haste
 i - 2 potions of flight
 m - 3 potions of attraction
 n - a potion of curing
 r - a potion of resistance


   Skills:
 + Level 5.8 Fighting
 * Level 8.5 Axes
 + Level 5.9 Armour
 + Level 2.0 Dodging
 + Level 1.2 Stealth
 + Level 5.3 Shields


You had 7 spell levels left.
You didn't know any spells.
Your spell library contained the following spells:

 Spells                   Type           Power      Damage    Failure   Level
 Apportation              Tloc           0%         N/A       98%         1
 Freeze                   Ice            0%         1d3       98%         1
 Necrotise                Necr           0%         1d4       98%         1
 Summon Small Mammal      Summ           0%         N/A       98%         1
 Frozen Ramparts          Ice            0%         1d1       100%        3
 Ignite Poison            Fire/Tmut/Pois 0%         N/A       100%        3
 Mephitic Cloud           Conj/Pois/Air  0%         N/A       100%        3
 Hailstorm                Conj/Ice       0%         3d3       100%        4
 Alistair's Intoxication  Tmut/Pois      0%         N/A       100%        5
 Freezing Cloud           Conj/Ice/Air   0%         6-21      100%        5


Dungeon Overview and Level Annotations

Branches:
Dungeon (7/15)
 Temple: D:4-7

Altars:
Cheibriados
Dithmenos
Sif Muna
Xom
Yredelemnul
Zin

Shops:
D:1 [   D:5 (


Innate Abilities, Weirdness & Mutations

You have a pair of horns on your head.
You reflexively headbutt those who attack you in melee.


Message History

You headbutt the iguana.
You kill the iguana!
No target in view!
No target in view!
No target in view!
No target in view!
No target in view!
You feel a little less clever now.
Found a whip.
Found an escape hatch in the ceiling.
No target in view!
No target in view!
No target in view!
No target in view!
No target in view!
No target in view!
A five-headed hydra comes into view.
The five-headed hydra roars!
A five-headed hydra is nearby!
You block the five-headed hydra's attack.
The five-headed hydra bites you!
The five-headed hydra closely misses you.
The five-headed hydra bites you! The five-headed hydra bites you.
You chop one of the five-headed hydra's heads off!
The four-headed hydra grows two more!
You slash the six-headed hydra!
The six-headed hydra is lightly wounded.
The six-headed hydra bites you. The six-headed hydra bites you!
The six-headed hydra bites you. The six-headed hydra barely misses you.
The six-headed hydra closely misses you.
The six-headed hydra bites you!
* * * LOW HITPOINT WARNING * * *
You block the six-headed hydra's attack.
The six-headed hydra bites you.
* * * LOW HITPOINT WARNING * * *
The six-headed hydra closely misses you.
You block the six-headed hydra's attack.
The six-headed hydra bites you!
* * * LOW HITPOINT WARNING * * *
The six-headed hydra bites you!
You die...

..##.(## ##........##
.##
#..####............. ##
#................... #
#...................
#...................
##...................
##....................
##.....................
##..........###.@...##
..........### ###D.##
...##..)..# #.#
.#######..# ..# ## #..#
.# # #.## .# # #.# . #
#.# .# .# #<#


You could see a six-headed hydra.

Vanquished Creatures
  Sigmund (D:3)
  2 black bears
  2 centaurs
  Blork the orc (D:4)
  A scorpion (D:4)
  A necrophage (D:4)
  2 jellies
  3 orc priests
  3 iguanas
  2 orc wizards
  8 adders
  4 gnolls
  An ufetubus (D:6)
  A worm (D:4)
  3 dart slugs
  18 orcs
  4 endoplasms
  5 giant cockroaches
  6 goblins
  9 hobgoblins
  2 jackals (D:2)
  2 quokkas
  7 ball pythons
  4 bats
  A frilled lizard (D:2)
  4 kobolds
  4 rats
101 creatures vanquished.

Notes
Turn   | Place    | Note
-------+----------+-------------------------------------------
     0 | D:1      | SensoryNuts the Minotaur Fighter began the quest for the
                  | Orb.
     0 | D:1      | Reached XP level 1. HP: 19/19 MP: 0/0
   143 | D:1      | Reached XP level 2. HP: 12/27 MP: 1/1
   498 | D:1      | Found Zeisez's Armour Shop.
   682 | D:1      | Found a faded altar of an unknown god.
   924 | D:2      | Reached XP level 3. HP: 33/33 MP: 2/2
  1019 | D:2      | Found a glowing silver altar of Zin.
  1066 | D:2      | Reached skill level 3 in Axes
  1232 | D:2      | Reached XP level 4. HP: 41/41 MP: 3/3
  1597 | D:3      | Reached skill level 1 in Stealth
  1674 | D:3      | Noticed Sigmund
  1688 | D:3      | Killed Sigmund
  1689 | D:3      | Reached skill level 4 in Axes
  1689 | D:3      | Reached skill level 1 in Dodging
  1689 | D:3      | Reached XP level 5. HP: 24/47 MP: 4/4
  1740 | D:3      | Reached skill level 5 in Axes
  1880 | D:3      | Reached skill level 5 in Fighting
  1880 | D:3      | Reached XP level 6. HP: 39/56 MP: 5/5
  2465 | D:4      | Noticed Blork the orc
  2478 | D:4      | Killed Blork the orc
  2479 | D:4      | Reached skill level 6 in Axes
  2659 | D:4      | Found a shimmering blue altar of Sif Muna.
  2785 | D:4      | Reached XP level 7. HP: 60/61 MP: 6/6
  2809 | D:4      | Reached skill level 5 in Armour
  3139 | D:5      | Entered Level 5 of the Dungeon
  3163 | D:5      | Found a shadowy altar of Dithmenos.
  3170 | D:5      | Reached skill level 7 in Axes
  3940 | D:5      | Reached skill level 8 in Axes
  4015 | D:5      | Found Utwiczel's Weapon Boutique.
  4355 | D:6      | Found a snail-covered altar of Cheibriados.
  4358 | D:6      | Found a shimmering altar of Xom.
  4361 | D:6      | Found a basalt altar of Yredelemnul.
  4364 | D:6      | Found a glowing silver altar of Zin.
  4536 | D:6      | Reached skill level 5 in Shields
  4536 | D:6      | Reached XP level 8. HP: 33/70 MP: 7/7
  5474 | D:7      | Noticed a five-headed hydra
  5477 | D:7      | Slain by a six-headed hydra

Illustrated notes

Levels and vault maps discovered:
D:1:      minmay_arrival_nine_rooms, layout_loops_ring, serial_shops, shop,
          shapermc_ecumenical_altar_gd, minivault_4, minmay_octomino_c4
D:2:      layout_rooms, basic_altar, kennysheep_another_room, minivault_23
D:3:      layout_loops_ring, uniq_sigmund
D:4:      layout_loops_ring, mainiacjoe_overflow_brackets, nrook_mini_backslash,
          st_stairs_7, chequers_serial_rivers_micro_e, uniq_blork_the_orc
D:5:      layout_rooms, mainiacjoe_overflow_tiny_flanked, serial_shops,
          kennysheep_mini_moat
D:6:      layout_basic, grunt_temple_overflow_cloverleaf
D:7:      layout_layer_cave, minmay_temple_entry_offerings

Skill      XL: |  1  2  3  4  5  6  7 |
---------------+----------------------+-----
Fighting       | 4 5 |  5.8
Armour         | 4 5 |  5.9
Shields        | 4 5 |  5.3
Axes           | 3 4 5 6 8 |  8.5
Stealth        | 1 |  1.2
Dodging        | 1 2 |  2.0

Action                   |  1- 3 |  4- 6 |  7- 9 || total
-------------------------+-------+-------+-------++-------
Melee: War axe           |    68 |    99 |    72 ||   239
       Headbutt          |     6 |    14 |    13 ||    33
  Use: Scroll            |     3 |     5 |     7 ||    15
       Potion            |     2 |     4 |     3 ||     9
Armor: Scale mail        |    20 |    23 |    22 ||    65
Dodge: Dodged            |    43 |    56 |    52 ||   151
Block: Buckler           |    14 |    12 |       ||    26
       Kite shield       |       |    18 |    55 ||    73

Table legend: (Time is in decaauts)
 A = Elapsed time spent in this place.
 B = Non-inter-level travel time spent in this place.
 C = Inter-level travel time spent in this place.
 D = Time resting spent in this place.
 E = Time spent auto-exploring this place.
 F = Levels seen in this place.
 G = Mean time per level.
                   A        B        C        D        E       F      G
               +--------+--------+--------+--------+--------+-----+--------+
         Total |   5540 |   5384 |    156 |      0 |   4634 |   7 |  791.4 |
       Dungeon |   5540 |   5384 |    156 |      0 |   4634 |   7 |  791.4 |
               +--------+--------+--------+--------+--------+-----+--------+

Top non-repeatable levels by time:
     D:6: 1273 daAuts
     D:4: 1006 daAuts
     D:3: 927 daAuts
     D:1: 848 daAuts
     D:2: 689 daAuts
     D:5: 681 daAuts
     D:7: 115 daAuts
